 Dungeon Crawl Stone Soup version 0.27-a0-1591-gc56fcc985a (webtiles) character file.

Game seed: 8982230909933568822

1414 MisterAzrael the Grappler (level 8, -1/74 HPs)
             Began as a Troll Monk on July 20, 2021.
             Was a Priest of Makhleb.
             Engulfed by a steam dragon's steam (7 damage)
             ... on level 7 of the Dungeon.
             The game lasted 00:12:28 (5487 turns).

MisterAzrael the Grappler (Troll Monk)              Turns: 5487, Time: 00:12:28

Health: -1/74      AC:  5    Str: 28    XL:     8   Next: 43%
Magic:  10/10      EV: 10    Int:  6    God:    Makhleb [***...]
Gold:   272        SH:  0    Dex: 12    Spells: 5/7 levels left

rFire    . . .     SeeInvis +     - Unarmed
rCold    . . .     Faith    .   (no shield)
rNeg     . . .     Spirit   .   a - +1 robe
rPois    .         Reflect  .   (helmet restricted)
rElec    .         Harm     .   (no cloak)
rCorr    .         Rampage  .   (gloves unavailable)
Will     .....                  (boots unavailable)
Stlth    ++........             (no amulet)
HPRegen  1.22/turn              b - +6 ring of strength
MPRegen  0.12/turn              i - ring of see invisible

@: brilliant, attractive
A: large, unfitting armour, claws 3, regeneration 1, shaggy fur 1, tough skin 1
a: Renounce Religion, Minor Destruction, Lesser Servant of Makhleb


You were on level 7 of the Dungeon.
You worshipped Makhleb.
Makhleb was most pleased with you.
You visited 2 branches of the dungeon, and saw 8 of its levels.
You also visited: Sewer.

You collected 295 gold pieces.
You spent 23 gold pieces at shops.

Inventory:

Missiles
 c - a curare-tipped dart
 d - 12 boomerangs
 j - 3 large rocks
 q - a throwing net
 B - 7 javelins
Armour
 a - a +1 robe (worn)
Jewellery
 b - a +6 ring of strength (left claw)
 e - a ring of willpower
 h - a ring of poison resistance
 i - a ring of see invisible (right claw)
Wands
 l - a wand of acid (8)
 n - a wand of flame (12)
 r - a wand of charming (10)
 v - a wand of iceblast (8)
Scrolls
 g - 2 scrolls of enchant armour
 p - 4 scrolls of enchant weapon
 t - a scroll of noise
 A - a scroll of identify
Potions
 o - 3 potions of degeneration
 s - a potion of magic
 z - a potion of flight {unknown}


   Skills:
 - Level 2.4 Fighting
 - Level 3.0 Throwing
 - Level 2.4 Dodging
 - Level 1.0 Stealth
 * Level 8.3 Unarmed Combat
 * Level 5.3 Invocations


You had 5 spell levels left.
You knew the following spells:

 Your Spells              Type           Power      Damage    Failure   Level
a - Wereblood             Tmut           0%         N/A       58%         2

Your spell library contained the following spells:

 Spells                   Type           Power      Damage    Failure   Level
 Foxfire                  Conj/Fire      0%         2x1d4     45%         1
 Shock                    Conj/Air       0%         1d3       45%         1
 Ensorcelled Hibernation  Hex/Ice        0%         N/A       58%         2
 Sublimation of Blood     Necr           0%         N/A       58%         2
 Conjure Flame            Conj/Fire      0%         6-21      83%         3
 Inner Flame              Hex/Fire       0%         N/A       83%         3
 Spider Form              Tmut/Pois      0%         N/A       83%         3
 Swiftness                Air            0%         N/A       83%         3
 Airstrike                Air            0%         N/A       99%         4
 Shadow Creatures         Summ           N/A        N/A       100%        6
 Summon Hydra             Summ           0%         N/A       100%        7


Dungeon Overview and Level Annotations

Branches:
Dungeon (7/15)             Temple (1/1) D:4           Sewer (visited)

Altars:
Cheibriados
Dithmenos
Fedhas
Hepliaklqana
Kikubaaqudgha
Makhleb
Nemelex Xobeh
Okawaru
Qazlal
Ru
Sif Muna
Trog
Uskayaw
Vehumet
Xom
Zin
The Shining One

Shops:
D:2 *


Innate Abilities, Weirdness & Mutations

You are too large for most types of armour.
You have claws for hands.
Your natural rate of healing is unusually fast.
You are covered in fur. (AC +1)
You have tough skin. (AC +1)


Message History

The orc warrior is severely wounded.
The acid splashes onto the orc wizard!
The orc wizard is splashed with acid.
The orc warrior throws a boomerang.
The boomerang hits you!
A demon appears!
The steam dragon breathes steam at you.
The ball of steam misses the orc wizard.
The ball of steam hits you!
A phantom comes into view.
The orc warrior throws a boomerang.
The boomerang barely misses you.
The orc wizard is engulfed in a cloud of scalding steam.
You hear an angry hiss.
The orc wizard is engulfed in a cloud of scalding steam.
You swap places.
The orc wizard hits your hellwing with a +0 dagger.
The steam dragon breathes steam at you.
The ball of steam hits the orc wizard!
The orc wizard dies!
The ball of steam hits your hellwing. The ball of steam hits you!!
* * * LOW HITPOINT WARNING * * *
You are engulfed in a cloud of scalding steam.
* * * LOW HITPOINT WARNING * * *
Your hellwing is engulfed in a cloud of scalding steam.
Okay, then.
The steam dragon completely misses your hellwing.
The steam dragon claws your hellwing. The steam dragon breathes steam at you.
The ball of steam hits your hellwing! The ball of steam hits you!
* * * LOW HITPOINT WARNING * * *
Your hellwing is engulfed in a cloud of scalding steam.
It was a potion of attraction.
You feel attractive to monsters. The steam dragon is pulled toward you!
The steam dragon breathes steam at you. The ball of steam hits your hellwing.
The ball of steam hits you!
* * * LOW HITPOINT WARNING * * *
Your hellwing is engulfed in a cloud of scalding steam.
It was a potion of brilliance.
You feel clever all of a sudden.
You are engulfed in a cloud of scalding steam.
You die...

..................####..l####
.##.######.......## ##5o#
.#### ##.....## ##D# ..##
##...## #§# ...#### ##+## #§#
......# #,* #D# ...##.# #.##*
#§# ..###.# ##§..########D#
### #.# *#..§§@4§D.§§..# #.#
#...§§##########
#.#***##....* #..,,.......*
###**###....* #####*


You could see a friendly hellwing (summoned).

Vanquished Creatures
  A water moccasin (D:5)
  An orc warrior (D:6)
  A black bear (D:6)
  A centaur (D:5)
  A kobold brigand (D:5)
  A bullfrog (Sewer)
  A scorpion (D:5)
  3 howler monkeys
  2 bullfrog zombies
  A centaur skeleton (D:4)
  A jelly (D:4)
  2 orc wizards (D:4)
  10 adders
  3 gnolls (D:7)
  A howler monkey skeleton (D:6)
  An ufetubus (D:6)
  2 worms (D:4)
  17 orcs
  4 bats
  5 endoplasms
  5 giant cockroaches
  2 goblins
  5 hobgoblins
  5 quokkas
  8 ball pythons
  9 frilled lizards
  10 kobolds
  7 rats
110 creatures vanquished.

Vanquished Creatures (collateral kills)
  A water moccasin (D:6)
  Edmund (D:6)
  An ice beast (D:7)
  A bullfrog (D:7)
  A water moccasin skeleton (D:6)
  A hound (D:7)
  A jelly (D:6)
  2 gnoll shamans (D:7)
  An orc wizard (D:6)
  7 gnolls (D:7)
  An adder (D:6)
  5 orcs
  2 kobolds (D:6)
25 creatures vanquished.

Vanquished Creatures (others)
  An orc wizard (D:7)
  A white imp (D:7)
  A plant (D:1)
3 creatures vanquished.

Grand Total: 138 creatures vanquished

Notes
Turn   | Place    | Note
-------+----------+-------------------------------------------
     0 | D:1      | MisterAzrael the Troll Monk began the quest for the Orb.
     0 | D:1      | Reached XP level 1. HP: 22/22 MP: 0/0
   348 | D:1      | Reached XP level 2. HP: 29/29 MP: 1/1
   644 | D:1      | Found a faded altar of an unknown god.
   775 | D:2      | Found Pylezid's General Store.
   899 | D:2      | Reached skill level 4 in Unarmed Combat
  1389 | D:2      | Bought 3 large rocks for 23 gold pieces
  1407 | D:3      | Found a sacrificial altar of Ru.
  1438 | D:3      | Reached XP level 3. HP: 36/36 MP: 2/2
  1738 | D:3      | Found a bloodstained altar of Trog.
  1911 | D:3      | Found a glowing golden altar of the Shining One.
  2348 | D:4      | Reached skill level 1 in Throwing
  2348 | D:4      | Reached XP level 4. HP: 30/44 MP: 3/3
  2456 | D:4      | Reached skill level 5 in Unarmed Combat
  2480 | D:4      | Reached XP level 5. HP: 19/50 MP: 4/4
  2485 | D:4      | HP: 1/50 [orc (9)]
  2571 | D:4      | Found a staircase to the Ecumenical Temple.
  2588 | Temple   | Entered the Ecumenical Temple
  2843 | Temple   | Became a worshipper of Makhleb the Destroyer
  2843 | Temple   | Reached * piety under Makhleb
  2843 | Temple   | Reached ** piety under Makhleb
  2959 | D:4      | Reached skill level 1 in Invocations
  3205 | D:5      | Entered Level 5 of the Dungeon
  3223 | D:5      | Learned a level 2 spell: Wereblood
  3254 | D:5      | Reached XP level 6. HP: 55/59 MP: 5/5
  3269 | D:5      | Reached skill level 6 in Unarmed Combat
  3302 | D:5      | Noticed a water moccasin
  3307 | D:5      | Killed a water moccasin
  3355 | D:5      | Reached XP level 7. HP: 33/66 MP: 7/7
  3649 | D:5      | Found a glowing drain.
  3669 | Sewer    | Entered a sewer
  4215 | D:6      | Reached skill level 7 in Unarmed Combat
  4236 | D:6      | Noticed Edmund
  4238 | D:6      | Reached *** piety under Makhleb
  4387 | D:6      | Reached XP level 8. HP: 59/74 MP: 10/10
  4392 | D:6      | HP: 3/74 [poisoned by a water moccasin]
  4395 | D:6      | Killed Edmund
  5181 | D:7      | Reached skill level 8 in Unarmed Combat
  5273 | D:7      | Reached skill level 5 in Invocations
  5487 | D:7      | Engulfed by a steam dragon's steam

Illustrated notes

Levels and vault maps discovered:
D:1:      roderic_crossed_star, layout_basic,
          shapermc_ecumenical_altar_mp_urbaneastern, kennysheep_boxes
D:2:      layout_loops_ring, serial_shops, shop
D:3:      layout_loops_corners, nicolae_overflow_crystal_walls,
          mainiacjoe_overflow_alcove_4, trog_book, minivault_11
D:4:      layout_rooms, minmay_temple_entry_sparse_star
D:5:      layout_cave_pools, portal_sewer_entry_c, serial_glass,
          glass_columns_b, glass_columns_a, feat_on_display, item_on_display_a
D:6:      layout_rooms, uniq_edmund
D:7:      layout_loops_corners, minmay_misc_feat_roman, minmay_alternating_orb,
          uniq_prince_ribbit1
Temple:   eino_temple_water

Skill      XL: |  1  2  3  4  5  6  7  8 |
---------------+-------------------------+-----
Unarmed Combat | 4 5 6 7 8 |  8.3
Throwing       | 1 2 3 |  3.0
Invocations    | 1 2 4 5 |  5.3
Fighting       | |  2.4
Dodging        | |  2.4
Stealth        | |  1.0

Action                   |  1- 3 |  4- 6 |  7- 9 || total
-------------------------+-------+-------+-------++-------
Melee: Unarmed           |    91 |   101 |    73 ||   265
       Punch             |     2 |     2 |     1 ||     5
Throw: Large rock        |       |    10 |       ||    10
Invok: Minor Destruction |       |       |    48 ||    48
       Lesser Servant of |       |       |     4 ||     4
  Use: Potion            |       |     4 |     7 ||    11
       Scroll            |       |       |    12 ||    12
 Stab: Sleeping          |     8 |       |       ||     8
Armor: Robe              |    28 |    35 |    33 ||    96
Dodge: Dodged            |    45 |    46 |    74 ||   165

Table legend: (Time is in decaauts)
 A = Elapsed time spent in this place.
 B = Non-inter-level travel time spent in this place.
 C = Inter-level travel time spent in this place.
 D = Time resting spent in this place.
 E = Time spent auto-exploring this place.
 F = Levels seen in this place.
 G = Mean time per level.
                   A        B        C        D        E       F      G
               +--------+--------+--------+--------+--------+-----+--------+
         Total |   5544 |   5326 |    218 |    187 |   3865 |   9 |  616.0 |
       Dungeon |   4710 |   4538 |    172 |    187 |   3437 |   7 |  672.9 |
        Temple |    273 |    227 |     46 |      0 |    217 |   1 |  273.0 |
         Sewer |    560 |    560 |      0 |      0 |    211 |   1 |  560.0 |
               +--------+--------+--------+--------+--------+-----+--------+

Top non-repeatable levels by time:
     D:3: 900 daAuts
     D:1: 770 daAuts
     D:6: 640 daAuts
     D:5: 632 daAuts
     D:2: 632 daAuts
     D:4: 595 daAuts
   Sewer: 560 daAuts
     D:7: 537 daAuts
  Temple: 273 daAuts
